 Dungeon Crawl Stone Soup version 0.29.1-13-g9f3cf754e1 (webtiles) character file.

Game seed: 3029270280610698638

616 protoss039 the Digger (level 7, 54/54 HPs)
             Began as a Demonspawn Earth Elementalist on Feb 9, 2023.
             Got out of the dungeon alive.
             The game lasted 00:08:00 (4625 turns).

protoss039 the Digger (DsEE)                        Turns: 4625, Time: 00:08:00

Health: 54/54      AC:  4    Str:  8    XL:     7   Next: 21%
Magic:  13/13      EV: 12    Int: 18    God:
Gold:   71         SH:  0    Dex: 14    Spells: 8/14 levels left

rFire   . . .      SeeInvis .   c - +0 spear (venom)
rCold   . . .      Faith    .   (no shield)
rNeg    . . .      Spirit   .   a - +0 robe
rPois   .          Reflect  .   x - +0 helmet
rElec   .          Harm     .   (no cloak)
rCorr   .          Rampage  .   (no gloves)
Will    .....                   r - +0 pair of boots
Stlth   ++........              n - amulet of regeneration
HPRegen 0.98/turn               (no ring)
MPRegen 0.13/turn               (no ring)

@: no status effects
A: demonic guardian 1, foul stench 2
a: no special abilities


You escaped.
You visited 1 branch of the dungeon, and saw 5 of its levels.

You collected 111 gold pieces.
You spent 40 gold pieces at shops.

Inventory:

Hand Weapons
 c - a +0 spear of venom (weapon)
Armour
 a - a +0 robe (worn)
 r - a +0 pair of boots (worn)
 x - a +0 helmet (worn)
Magical Staves
 h - a staff of poison
Jewellery
 n - an amulet of regeneration (around neck)
Wands
 A - a wand of charming (4)
Scrolls
 d - 5 scrolls of identify {unknown}
 f - a scroll of acquirement {unknown}
 g - a scroll of blinking {unknown}
 i - 2 scrolls of fog
 j - 2 scrolls of teleportation {unknown}
 l - a scroll of enchant weapon {unknown}
 q - a scroll of summoning {unknown}
 t - 3 scrolls of noise {unknown}
 u - a scroll of torment {unknown}
 v - 3 scrolls of immolation {unknown}
 y - a scroll of silence {unknown}
 B - a scroll of amnesia {unknown}
Potions
 b - a potion of magic
 e - a potion of berserk rage {unknown}
 k - a potion of lignification {unknown}
 m - a potion of haste {unknown}
 o - a potion of attraction {unknown}
 p - a potion of curing {unknown}
 s - a potion of invisibility {unknown}
 w - a potion of mutation {unknown}
 z - 2 potions of resistance {unknown}
 C - a potion of brilliance {unknown}


   Skills:
 + Level 4.1 Fighting
 - Level 1.7 Dodging
 - Level 1.7 Stealth
 + Level 4.3 Spellcasting
 + Level 1.6 Conjurations
 - Level 0.8 Transmutations
 + Level 4.8 Earth Magic


You had 8 spell levels left.
You knew the following spells:

 Your Spells              Type           Power      Damage    Failure   Level
a - Sandblast             Erth           42%        2d11      1%          1
b - Passwall              Tmut/Erth      11%        N/A       7%          2
c - Stone Arrow           Conj/Erth      30%        3d8       12%         3

Your spell library contained the following spells:

 Spells                   Type           Power      Damage    Failure   Level
 Magic Dart               Conj           36%        1d4       8%          1
 Necrotise                Necr           12%        1d4       14%         1
 Call Imp                 Summ           3%         N/A       22%         2
 Mephitic Cloud           Conj/Pois/Air  5%         N/A       34%         3
 Vampiric Draining        Necr           3%         2d6       38%         3
 Petrify                  Tmut/Erth      14%        N/A       41%         4
 Agony                    Necr           3%         N/A       98%         5


Dungeon Overview and Level Annotations

Branches:
Dungeon (5/15) Zot: 25276
 Temple: D:4-7

Altars:
Makhleb
Xom

Shops:
D:2 :(*?


Innate Abilities, Weirdness & Mutations

A weak demonic guardian rushes to your aid.
You sometimes emit foul miasma when damaged in melee.


Message History

You kill the black bear!
Your magical contamination has completely faded away.
Your Fighting skill increases to level 4!
No target in view!
No target in view!
There is a stone staircase leading up here.
You climb upwards.
There is a stone staircase leading down here.
(D) Dungeon
Where to? (Enter - D:5 @ (x,y), ? - help)
Okay, then.
Unknown command.
(D) Dungeon
Where to? (Enter - D:5 @ (x,y), ? - help)
Okay, then.
Unknown command.
Things that are here:
a +0 ring mail; a +0 mace
There is an escape hatch in the floor here.
There is an escape hatch in the ceiling here.
(D) Dungeon
Where to? (Enter - D:4 @ (x,y), ? - help)
What level of the Dungeon? (default 1, ? - help)
There is a stone staircase leading up here.
You climb upwards.
There is a stone staircase leading down here.
Magic restored.
There is a stone staircase leading up here.
You climb upwards.
There is a stone staircase leading down here.
There is an escape hatch in the floor here.
You enter the shallow water.
Moving in this stuff is going to be slow.
You see here a +0 dagger.
There is a stone staircase leading up here.
You climb upwards.
There is a stone staircase leading down here.
There is a staircase leading out of the dungeon here.
Are you sure you want to leave the Dungeon?
This will make you lose the game!
You have escaped!

#.........# ##.# #.# #....
#.#######.# ####..#####.####....
.....####.# #.........#....#....
#.##...##.# #.#######...##.#....
#.####..#.####.#.....#..###.#....
#.# ##.#............#.## #.#....
#)# #.#...#######..#.# ##....##
#.# #.#.#.#.....#..#.###...###
..# #.#.#.#..#@....#.#....## ###
#...#.#..#######.#.#.###### #
##..#.#..........#........# #####
#..#.#.....#.####........#
....####....#######..# #.#......#
....'................# #.#......#
....######.........#.###.########
.............####........#
.....#######..).....>..###


There were no monsters in sight!

Vanquished Creatures
  A black bear (D:5)
  4 crimson imps (D:3)
  A hound (D:4)
  An orc priest (D:3)
  A jelly (D:4)
  Ijyb (D:4)
  An iguana (D:4)
  9 gnolls
  6 adders
  2 worms
  4 dart slugs
  10 orcs
  3 bats
  13 endoplasms
  6 giant cockroaches
  7 goblins
  8 hobgoblins
  A quokka (D:3)
  9 ball pythons
  4 frilled lizards
  5 kobolds
  9 rats
106 creatures vanquished.

Notes
Turn   | Place    | Note
-------+----------+-------------------------------------------
     0 | D:1      | protoss039 the Demonspawn Earth Elementalist began the
                  | quest for the Orb.
     0 | D:1      | Reached XP level 1. HP: 13/13 MP: 3/3
   359 | D:1      | Gained mutation: You may rarely emit foul miasma when
                  | damaged in melee. [demonic ancestry]
   359 | D:1      | Reached XP level 2. HP: 20/20 MP: 3/5
   673 | D:1      | Reached skill level 1 in Fighting
  1149 | D:1      | Reached XP level 3. HP: 26/26 MP: 3/6
  1446 | D:1      | Learned a level 2 spell: Passwall
  1675 | D:2      | Found Fatire's Book Shop.
  1766 | D:2      | Found Ora Juna's Weapon Shoppe.
  1869 | D:2      | Found Doppoej's General Store.
  1887 | D:2      | Bought a scroll of fog for 40 gold pieces
  1934 | D:2      | Gained mutation: You sometimes emit foul miasma when
                  | damaged in melee. [demonic ancestry]
  1934 | D:2      | Reached XP level 4. HP: 30/33 MP: 5/8
  2026 | D:2      | Found Kicvyryo's Magic Scroll Shop.
  2562 | D:3      | Reached XP level 5. HP: 33/39 MP: 7/9
  3074 | D:3      | Found a shimmering altar of Xom.
  3107 | D:3      | Reached XP level 6. HP: 47/47 MP: 1/11
  3296 | D:3      | Learned a level 3 spell: Stone Arrow
  3469 | D:4      | Found a burning altar of Makhleb.
  3669 | D:4      | Noticed Ijyb
  3683 | D:4      | Killed Ijyb
  3785 | D:4      | Reached skill level 1 in Conjurations
  4190 | D:5      | Entered Level 5 of the Dungeon
  4347 | D:5      | Gained mutation: A weak demonic guardian rushes to your
                  | aid. [demonic ancestry]
  4347 | D:5      | Reached XP level 7. HP: 52/53 MP: 5/13
  4625 | D:$      | Got out of the dungeon alive.

Illustrated notes

Levels and vault maps discovered:
D:1:      ebering_hopf_link, layout_basic
D:2:      wander_river, layout_rooms, serial_shops, nicolae_diamond_shop,
          nicolae_shop_advertising_works [nicolae_subvault_shop_adworks], shop,
          nicolae_shop_window_shopping, minmay_misc_feat_roman
D:3:      layout_loops_ring, led_xom_imps
D:4:      layout_basic, makhleb_heckhound_becter, minmay_stone_trees_small,
          uniq_ijyb
D:5:      layout_loops_ring, water_maze_lemuel, uniq_edmund

Skill      XL: |  1  2  3  4  5  6  7 |
---------------+----------------------+-----
Fighting       | 1 2 3 4 |  4.1
Earth Magic    | 3 4 |  4.8
Spellcasting   | 3 4 |  4.3
Conjurations   | 1 |  1.6
Dodging        | |  1.7
Stealth        | |  1.7
Transmutations | |  0.8

Action                   |  1- 3 |  4- 6 |  7- 9 || total
-------------------------+-------+-------+-------++-------
Melee: Dagger            |    19 |    48 |       ||    67
       Punch             |     1 |       |       ||     1
       Spear             |       |    59 |     1 ||    60
 Cast: Sandblast         |    60 |    63 |     2 ||   125
       Passwall          |       |     1 |       ||     1
       Stone Arrow       |       |     5 |     3 ||     8
 Stab: Sleeping          |     3 |     6 |       ||     9
       Distracted        |       |     2 |       ||     2
Armor: Robe              |    10 |    22 |       ||    32
Dodge: Dodged            |    19 |    91 |       ||   110
